cohdb
Replays
Latest Replays
All Replays
Popular Replays
Top Player Replays
Match Explorer
How It Works
Community
CoH3 Stats
Reddit
Sign in to upload your games and track your stats! →
Sign in with Steam
Match 47137050
Unlisted
Match 47137050
Overview
Messages
Build Orders
End
Scout Squad
Selects Advanced Infantry Battlegroup
Scout Squad
Construct Barracks
Riflemen Squad
Riflemen Squad
Infantry Support Center
Construct Medical Station
M1 Mortar Team
Construct Weapon Support Center
Selects Artillery Observers
Selects Convert to Ranger Squad
M1919 Machine Gun Team
Convert to Ranger Squad
Advanced Logistics
Selects Frontline Medical Station
Convert to Ranger Squad
Artillery Observer Squad
Construct Tank Depot
Selects Ranger Weapon Training
Frontline Medical Station
Selects M2A1 105mm Howitzer Emplacement
Selects Free Fire Drills
Engineer Squad
M4(105) Sherman Bulldozer
M18 Hellcat Tank Destroyer
Bandit
Goodvyn
0
0
Comments
sign in to comment!
No comments posted yet!